 Dungeon Crawl Stone Soup version 0.25.1-2-g60ff931df9 (webtiles) character file.

Game seed: 5232218986950377343

563811 growler the Englaciator (level 26, -21/213 HPs)
             Began as a Merfolk Ice Elementalist on Oct 8, 2020.
             Was the Champion of Vehumet.
             Killed from afar by a yellow draconian annihilator (50 damage)
             ... with a poison arrow
             ... on level 1 of the Realm of Zot on Oct 9, 2020.
             The game lasted 03:46:17 (77828 turns).

growler the Englaciator (Merfolk Ice Elementalist) Turns: 77828, Time: 03:46:17

Health: -21/213    AC: 14    Str: 15    XL:     26   Next: 73%
Magic:  24/50      EV: 20    Int: 26    God:    Vehumet [******]
Gold:   5380       SH: 25    Dex: 16    Spells: 11/53 levels left

rFire    . . .     SeeInvis .   S - staff of energy {!a}
rCold    . . .     Gourm    .   y - +7 kite shield of the Enchanted Forest {rElec Slay+2}
rNeg     + . .     Faith    .   r - +3 pearl dragon scales
rPois    .         Spirit   .   g - +2 helmet
rElec    +         Reflect  +   A - +2 cloak
rCorr    .         Harm     .   K - +2 pair of gloves
MR       +....                  P - +2 pair of boots {Stlth+}
Stlth    ++........             O - amulet of reflection
HPRegen  0.00/turn              m - +6 ring of intelligence
MPRegen  0.32/turn              W - ring of Xom's Sleight of Hands {MP+9 Str+2 Slay+2}

@: lethally poisoned (-21 -> -73), corroded
A: change form in water, swift swim, stealthy swim, inhibited regeneration
}: 3/15 runes: decaying, serpentine, slimy
a: Renounce Religion


You were on level 1 of the Realm of Zot.
You worshipped Vehumet.
Vehumet was exalted by your worship.
You were very hungry.

You visited 11 branches of the dungeon, and saw 50 of its levels.
You also visited: Sewer.

You collected 9437 gold pieces.
You spent 4057 gold pieces at shops.

Inventory:

Hand Weapons
 D - a +2 dagger of electrocution
   (You found it on level 1 of the Dungeon)
 Z - the +6 Majin-Bo {vamp, Archmagi MP+6 Int+6}
   (You found it on level 4 of the Vaults)

   It inflicts no extra harm, but heals its wielder when it wounds a living foe.
   It affects your intelligence (+6).
   It affects your magic capacity (+6).
Missiles
 a - 2 throwing nets (quivered) {!f}
Armour
 g - a +2 helmet (worn)
   (You found it on level 13 of the Dungeon)
 r - +3 pearl dragon scales (worn)
   (You found it on level 5 of the Pits of Slime)
 y - the +7 kite shield of the Enchanted Forest (worn) {rElec Slay+2}
   (You bought it in a shop on level 2 of the Orcish Mines)

   It affects your accuracy and damage with ranged weapons and melee attacks
   (+2).
   It insulates you from electricity.
 A - a +2 cloak (worn)
   (You found it on level 7 of the Dungeon)
 K - a +2 pair of gloves (worn)
   (You found it on level 6 of the Lair of Beasts)
 P - a +2 pair of boots of stealth (worn)
   (You bought it in a shop on level 2 of the Orcish Mines)
Magical Staves
 S - an uncursed staff of energy (weapon) {!a}
   (You found it on level 11 of the Dungeon)
Jewellery
 l - an uncursed ring of protection from magic
   (You took it off a deep elf death mage on level 3 of the Depths)
 m - a +6 ring of intelligence (left hand)
   (You found it on level 2 of the Dungeon)
 M - a cursed ring of poison resistance
   (You took it off a white draconian on level 1 of the Realm of Zot)
 O - an amulet of reflection (around neck)
   (You found it on level 9 of the Dungeon)
 W - the ring of Xom's Sleight of Hands (right hand) {MP+9 Str+2 Slay+2}
   (You found it on level 4 of the Swamp)

   [ring of magical power]

   It affects your strength (+2).
   It affects your accuracy and damage with ranged weapons and melee attacks
   (+2).
   It affects your magic capacity (+9).
Wands
 c - a wand of disintegration (75)
   (You took it off Sonja on level 2 of the Orcish Mines)
 d - a wand of iceblast (16)
   (You found it on level 4 of the Lair of Beasts)
 o - a wand of clouds (11)
   (You found it on level 4 of the Snake Pit)
 t - a wand of flame (58)
   (You found it on level 1 of the Lair of Beasts)
 u - a wand of paralysis (31)
   (You found it on level 9 of the Dungeon)
 v - a wand of digging (4)
   (You found it on level 5 of the Lair of Beasts)
 x - a wand of acid (68)
   (You found it on level 9 of the Dungeon)
 E - a wand of polymorph (14)
   (You found it on level 5 of the Depths)
 L - a wand of enslavement (5)
   (You found it on level 1 of the Vaults)
Scrolls
 f - 18 scrolls of teleportation {@r4}
 j - 24 scrolls of remove curse {@r2}
 n - 8 scrolls of amnesia
 s - 2 scrolls of vulnerability {!r}
 w - 3 scrolls of fear
 B - 4 scrolls of magic mapping
 C - 4 scrolls of blinking
 H - 6 scrolls of immolation {!r}
 J - 14 scrolls of identify {@r1}
 T - a scroll of holy word
 Y - 6 scrolls of fog
Potions
 b - 7 potions of flight
 h - 3 potions of invisibility
 i - 5 potions of cancellation
 k - 11 potions of heal wounds {@q2}
 p - 4 potions of haste {@q3}
 q - 5 potions of berserk rage
 z - 9 potions of might
 F - a potion of magic
 G - 5 potions of brilliance
 I - 12 potions of lignification {!q}
 N - 8 potions of stabbing
 Q - 22 potions of curing {@q1}
 R - a potion of resistance
 U - 4 potions of ambrosia
 X - 6 potions of mutation {!q}
Miscellaneous
 V - 7 phantom mirrors
Comestibles
 e - 45 rations {!d}


   Skills:
 + Level 18.8 Fighting
 - Level 9.0 Armour
 - Level 18.0 Dodging
 - Level 2.1 Stealth
 - Level 15.0 Shields
 + Level 18.2 Unarmed Combat
 - Level 14.0 Spellcasting
 + Level 13.7 Transmutations
 O Level 27 Ice Magic


You had 11 spell levels left.
You knew the following spells:

 Your Spells              Type           Power        Failure   Level  Hunger
a - Freeze                Ice            ####         0%          1    None
b - Frozen Ramparts       Ice            ######       0%          3    None
c - Ozocubu's Armour      Chrm/Ice       ######..     1%          3    None
d - Summon Ice Beast      Ice/Summ       ######..     1%          4    None
e - Ice Form              Ice/Tmut       #######.     1%          4    None
f - Ozocubu's Refrigerat  Ice            ########..   1%          6    None
g - Absolute Zero         Ice            ########..   5%          9    None
h - Blade Hands           Tmut           ######....   1%          5    None
i - Dragon Form           Tmut           ######....   36%         7    None

Your spell library contained the following spells:

 Spells                   Type           Power        Failure   Level  Hunger
 Chain Lightning          Conj/Air       ###.......   100%        8    None
 Fire Storm               Conj/Fire      ###.......   100%        9    None
 Tornado                  Air            ###.......   100%        9    None
 Beastly Appendage        Tmut           ######       1%          1    None
 Ensorcelled Hibernation  Hex/Ice        ######       1%          2    None
 Passwall                 Tmut/Erth      ######..     1%          2    None
 Sticks to Snakes         Tmut           ######..     1%          2    None
 Ignite Poison            Fire/Tmut/Pois #####...     1%          3    None
 Hailstorm                Conj/Ice       ######..     1%          4    None
 Spider Form              Tmut/Pois      ######....   2%          3    None
 Foxfire                  Conj/Fire      ###.         3%          1    None
 Magic Dart               Conj           ###.         3%          1    None
 Sandblast                Erth           ###...       3%          1    None
 Shock                    Conj/Air       ###.         3%          1    None
 Searing Ray              Conj           ###...       5%          2    None
 Irradiate                Conj/Tmut      ######....   5%          5    None
 Yara's Violent Unravell  Hex/Tmut       ######....   5%          5    None
 Petrify                  Tmut/Erth      ######..     7%          4    None
 Hydra Form               Tmut           ######....   7%          6    None
 Conjure Flame            Conj/Fire      ###.....     10%         3    None
 Dazzling Flash           Conj/Hex       ###...       10%         3    None
 Inner Flame              Hex/Fire       ###.....     10%         3    None
 Mephitic Cloud           Conj/Pois/Air  ###.....     10%         3    None
 Static Discharge         Conj/Air       ###.....     10%         3    None
 Stone Arrow              Conj/Erth      ###...       10%         3    None
 Animate Skeleton         Necr           N/A          12%         1    None
 Apportation              Tloc           ###...       12%         1    None
 Corona                   Hex            ###....      12%         1    None
 Infusion                 Chrm           ###.         12%         1    None
 Pain                     Necr           ###.         12%         1    None
 Summon Butterflies       Summ           ###.....     12%         1    None
 Summon Small Mammal      Summ           ###.         12%         1    None
 Blink                    Tloc           N/A          19%         2    None
 Call Imp                 Summ           ###.....     19%         2    None
 Shroud of Golubria       Chrm/Tloc      ###...       19%         2    None
 Slow                     Hex            ###.....     19%         2    None
 Song of Slaying          Chrm           ###.....     19%         2    None
 Swiftness                Chrm/Air       ###.....     19%         2    None
 Alistair's Intoxication  Tmut/Pois      ######..     21%         5    None
 Airstrike                Air            ###.......   28%         4    None
 Fulminant Prism          Conj/Hex       ###.......   28%         4    None
 Iskenderun's Mystic Bla  Conj/Tloc      ###.....     28%         4    None
 Sticky Flame             Conj/Fire      ###.....     28%         4    None
 Call Canine Familiar     Summ           ###.....     34%         3    None
 Confusing Touch          Hex            ###.....     34%         3    None
 Lesser Beckoning         Tloc           ###.......   34%         3    None
 Recall                   Summ/Tloc      N/A          34%         3    None
 Spectral Weapon          Hex/Chrm       ###.....     34%         3    None
 Summon Guardian Golem    Hex/Summ       ###.....     34%         3    None
 Tukima's Dance           Hex            ###.....     34%         3    None
 Vampiric Draining        Necr           ###.......   34%         3    None
 Bolt of Magma            Conj/Fire/Erth ###.......   58%         5    None
 Fireball                 Conj/Fire      ###.......   58%         5    None
 Lee's Rapid Deconstruct  Erth           ###.......   58%         5    None
 Lightning Bolt           Conj/Air       ###.......   58%         5    None
 Statue Form              Tmut/Erth      ######...    73%         6    None
 Animate Dead             Necr           N/A          75%         4    None
 Cause Fear               Hex            ###.......   75%         4    None
 Leda's Liquefaction      Hex/Erth       ###.......   75%         4    None
 Passage of Golubria      Tloc           N/A          75%         4    None
 Summon Lightning Spire   Summ/Air       ###.....     75%         4    None
 Agony                    Necr           ###.....     97%         5    None
 Aura of Abjuration       Summ           ###.......   97%         5    None
 Borgnjor's Vile Clutch   Necr/Erth      ###.......   97%         5    None
 Silence                  Hex/Air        ###.......   97%         5    None
 Summon Demon             Summ           ###.......   97%         5    None
 Summon Forest            Summ/Tloc      ###.......   97%         5    None
 Summon Mana Viper        Hex/Summ       ###.....     97%         5    None
 Iron Shot                Conj/Erth      ###.......   98%         6    None
 Starburst                Conj/Fire      ###.......   98%         6    None
 Darkness                 Hex            ###.......   100%        6    None
 Invisibility             Hex            ###.....     100%        6    None
 Shadow Creatures         Summ           N/A          100%        6    None
 Ring of Flames           Chrm/Fire      ###.......   100%        7    None
 Discord                  Hex            ###.......   100%        8    None
 Ignition                 Fire           ###.......   100%        8    None
 Lehudib's Crystal Spear  Conj/Erth      ###.......   100%        8    None
 Shatter                  Erth           ###.......   100%        9    None


Dungeon Overview and Level Annotations

Branches:
Dungeon (15/15)            Temple (1/1) D:6            Lair (6/6) D:9
  Swamp (4/4) Lair:4        Snake (4/4) Lair:4        Slime (5/5) Lair:5
    Orc (2/2) D:10            Elf (3/3) Orc:2        Vaults (4/5) D:13
  Crypt (0/3) Vaults:2     Depths (5/5) D:15            Zot (1/5) Depths:5
  Sewer (visited)

Altars:
Ashenzari
Cheibriados
Dithmenos
Elyvilon
Fedhas
Gozag
Hepliaklqana
Kikubaaqudgha
Makhleb
Nemelex Xobeh
Okawaru
Qazlal
Ru
Sif Muna
Trog
Uskayaw
Vehumet
Wu Jian
Xom
Yredelemnul
Zin
The Shining One
Jiyva

Shops:
D:6 ((::=   D:9 (   D:12 }   Orc:2 ![:*   Elf:1 }=}   Elf:2 [   Snake:2 }
Vaults:2 *   Vaults:3 %

Portals:
Hell: Depths:1 Depths:2 Depths:3 Depths:4 Depths:5
Abyss: Depths:1 Depths:2 Depths:4
Pandemonium: Depths:3
Ziggurat: Depths:5

Annotations:
D:13 exclusion: ice statue
D:15 1 runed translucent door, MadAsgardian's ghost, journeyman TrMo
Elf:2 3 runed translucent doors
Depths:3 exclusion: obsidian statue
Depths:5 5 runed translucent doors


Innate Abilities, Weirdness & Mutations

You revert to your normal form in water.
You are very nimble and swift while swimming.
You are very stealthy in the water. (Stealth+)
You do not regenerate when monsters are visible.


Message History

Vehumet accepts your kill.
You feel your power returning.
A yellow draconian annihilator comes into view.
It is wielding a +0 long sword.
The acid blob spits acid at you.
The splash of acid hits you but does no damage.
The acid corrodes you!
You are splashed with acid!
* * * LOW HITPOINT WARNING * * *
You chill the acid blob to absolute zero!
The acid blob is frozen into a solid block of ice!
You kill the acid blob!
Vehumet accepts your kill.
You feel your power returning.
You hear a roar!
The yellow draconian annihilator mumbles some strange words.
The yellow draconian annihilator blinks!
You hear a roar!
A yellow draconian comes into view.
It is wielding a +0 hand axe of freezing.
The yellow draconian throws acid at you.
The glob of acid hits you but does no damage.
The acid corrodes you!
You are splashed with acid!
* * * LOW HITPOINT WARNING * * *
As you read the scroll of fog, it crumbles to dust.
The scroll dissolves into smoke.
You are feeling very hungry.
You cannot drink potions in your current state!
You can drink potions again.
Okay, then.
You chill the yellow draconian to absolute zero!
The yellow draconian is frozen into a solid block of ice!
You kill the yellow draconian!
Vehumet accepts your kill.
You feel your power returning.
The yellow draconian annihilator casts a spell.
The yellow draconian annihilator blinks!
The yellow draconian annihilator mumbles some strange words.
The yellow draconian annihilator blinks!
You feel much better.
Okay, then.
Okay, then.
The yellow draconian annihilator points at you and mumbles some strange words.
The poison arrow hits you!!
You are poisoned.
* * * LOW HITPOINT WARNING * * *
Magic courses through your body.
* * * LOW HITPOINT WARNING * * *
You feel sick.
The yellow draconian annihilator casts a spell at you.
The poison arrow hits you!!!
You are lethally poisoned!
You die...

############## §§§§§........##
§§§.§.........##
§§§§.8.........##
..[§........q...##
..§...######.....## ......#
##.....## ......# ##.....##
......#******##.@...##
.........,,,**#......##
..........,,.##.......##
..........,,...^.......##
..........,,...(........##
..........,..............##
......,,,,,...............##
......,,,,.................##
....).,,,,,,................##


You could see a yellow draconian annihilator.

Vanquished Creatures
  the Royal Jelly (Slime:5)
  Mennas (Depths:3)
  A juggernaut (Depths:4)
  the Lernaean hydra (Swamp:4)
  Vashnia (Snake:3)
  Margery (Depths:1)
  4 golden dragons
  A bone dragon (Depths:2)
  the Enchantress (Depths:5)
  3 liches
  6 tentacled monstrosities
  3 titans
  2 quicksilver dragons
  2 deep elf blademasters (Elf:3)
  Asterion (Depths:1)
  2 deep elf master archers (Elf:3)
  21 acid blobs
  Kirke (D:15)
  2 shadow dragons
  15 azure jellies
  A thorn hunter (Swamp:4)
  5 storm dragons
  2 tengu reavers
  Roxanne (Swamp:3)
  6 nagarajas (Snake:4)
  A fire giant (shapeshifter) (Depths:5)
  7 fire giants
  2 draconian monks (Zot:1)
  6 deep elf sorcerers
  A frost giant (shapeshifter) (Depths:4)
  2 iron dragons
  15 frost giants
  A balrug (Depths:3)
  2 draconian knights (Depths:5)
  5 vault wardens
  Louise (Swamp:3)
  2 draconian stormcallers
  Aizul (Snake:2)
  2 deep elf elementalists (Elf:3)
  13 stone giants
  19 very ugly things
  9 ironheart preservers
  4 spriggan defenders
  10 green draconians
  10 deep elf annihilators
  4 vampire knights
  5 black draconians
  5 spark wasps
  9 yellow draconians
  3 white draconians
  10 deep elf demonologists
  Azrael (Snake:3)
  2 red draconians (Depths:5)
  2 purple draconians
  11 ettins
  A crystal guardian (Vaults:2)
  6 deep elf death magi
  4 deep elf high priests
  5 death oozes (Slime:5)
  10 yaktaur captains
  4 jiangshi
  Erolcha (D:13)
  7 fire dragons
  16 naga warriors
  15 great orbs of eyes
  8 ghost crabs
  5 rakshasas
  17 ice dragons
  3 shambling mangroves
  4 vault guards
  20 hydras
  2 spriggan air magi (Depths:5)
  5 centaur warriors
  A two-headed ogre (shapeshifter) (Depths:4)
  Erica (Orc:1)
  27 anacondas
  11 ogre magi
  22 two-headed ogres
  6 tengu warriors
  23 dancing weapons
  8 vampire magi
  A death knight (D:13)
  14 deep troll earth magi
  11 alligators
  11 deep troll shamans
  A queen ant (D:10)
  7 spriggan berserkers
  Urug (D:11)
  6 orc high priests
  12 naga sharpshooters
  Sonja (Orc:2)
  10 shock serpents
  18 deep elf knights
  22 skeletal warriors
  A fire crab (shapeshifter) (Vaults:3)
  3 iron trolls
  10 hell knights
  A storm dragon skeleton (Vaults:2)
  4 spriggan druids
  7 salamander mystics
  An infernal demonspawn (Depths:3)
  14 swamp dragons
  3 unseen horrors
  A gelid demonspawn (Depths:3)
  35 deep trolls
  A glowing orange brain (shapeshifter) (Vaults:4)
  4 flayed ghosts
  4 glowing orange brains
  9 naga ritualists
  2 phantasmal warriors (Depths:5)
  3 wizards
  4 lindwurms (Snake:4)
  9 harpies
  5 ironbrand convokers
  A golden dragon skeleton (Depths:2)
  18 orc knights
  6 necromancers
  2 frost giant zombies
  14 deep elf archers
  A fire giant zombie (D:15)
  7 orc sorcerers
  15 mana vipers
  7 cyclopes
  A tengu skeleton (Vaults:2)
  69 deep elf magi
  3 wolf spiders
  74 ugly things
  2 manticores
  A sphinx skeleton (Vaults:2)
  3 moths of wrath (Zot:1)
  7 shining eyes
  A shadow dragon skeleton (Depths:2)
  A moth of wrath (shapeshifter) (Depths:4)
  11 salamanders
  38 black mambas
  3 apocalypse crabs (Swamp:3)
  A rust devil (Depths:3)
  7 vault sentinels
  2 human skeletons (Vaults:2)
  Maurice (Orc:1)
  7 guardian serpents (Snake:4)
  3 eyes of devastation
  24 naga magi
  2 fire giant skeletons (Vaults:2)
  12 elephants
  4 gargoyles
  A torpor snail (Lair:4)
  An orange demon (Depths:3)
  2 stone giant skeletons
  Psyche (D:10)
  26 spiny frogs
  3 spiny frogs (shapeshifter)
  A spriggan zombie (D:15)
  2 kobold demonologists (D:15)
  8 komodo dragons
  45 yaktaurs
  An efreet (D:15)
  2 freezing wraiths
  2 komodo dragons (shapeshifter)
  A guardian mummy (D:15)
  2 rime drakes
  7 tengu conjurers
  A yaktaur (shapeshifter) (Depths:1)
  A yaktaur skeleton (Vaults:2)
  5 polar bears
  6 trolls
  A tengu simulacrum (Vaults:4)
  8 tyrant leeches
  29 hornets
  87 slime creatures
  A raiju (shapeshifter) (Depths:1)
  22 bog bodies
  A dream sheep (shapeshifter) (Depths:1)
  27 blink frogs
  6 dream sheep
  8 hippogriffs
  A tarantella (shapeshifter) (Depths:1)
  5 air elementals (Elf:1)
  3 shadows
  Sigmund (D:6)
  A ynoxinul (Depths:3)
  A spriggan (shapeshifter) (Elf:1)
  5 fire elementals
  2 wyverns
  A vampire (D:15)
  A yak (shapeshifter) (Depths:4)
  36 spriggans
  4 water elementals
  3 spriggan skeletons (Depths:2)
  2 hogs (shapeshifter)
  3 hogs (D:15)
  2 basilisks
  62 yaks
  16 golden eyes
  A wraith (D:13)
  2 yaktaur simulacra
  11 vampire mosquitoes
  Menkaure (D:6)
  Edmund (D:6)
  35 nagas
  16 swamp worms
  6 wargs
  3 soldier ants (D:10)
  8 water moccasins
  3 hell hounds (Snake:3)
  9 porcupines
  Purgy (Sewer)
  A floating eye (Depths:4)
  3 ice beasts
  6 sky beasts
  A black bear (shapeshifter) (Vaults:3)
  5 black bears
  A human zombie (Vaults:4)
  49 orc warriors
  12 swamp drakes
  A hornet zombie (D:14)
  2 phantoms
  8 eyes of draining
  35 ogres
  43 wolves
  7 boggarts
  A wolf (shapeshifter) (Elf:2)
  19 centaurs
  2 elf skeletons (Vaults:2)
  3 big kobolds
  12 crocodiles
  2 earth elementals
  22 bullfrogs
  A wyvern zombie (D:10)
  A deep troll simulacrum (Vaults:1)
  A wyvern skeleton (D:12)
  A hornet simulacrum (Vaults:1)
  3 scorpions
  10 killer bees
  A human simulacrum (Vaults:3)
  7 wights
  An electric eel (Lair:4)
  2 bullfrog zombies
  3 howler monkeys
  A centaur zombie (D:12)
  8 crimson imps
  2 quasits (Depths:3)
  6 hounds
  3 bullfrog skeletons
  4 jellies
  42 orc priests
  31 orc wizards
  9 centaur skeletons
  An iron imp (Depths:3)
  5 iguanas
  3 polar bear simulacra (Lair:6)
  30 worker ants
  3 yak simulacra (Lair:6)
  4 wolf simulacra (Lair:6)
  A hound skeleton (D:11)
  2 worker ant zombies
  6 adders
  12 gnolls
  5 shadow imps
  2 white imps (Depths:3)
  2 oozes
  2 adder zombies
  2 adder skeletons (D:6)
  2 worms
  2 dart slugs
  7 leopard geckos
  112 orcs
  5 giant cockroaches
  12 goblins
  7 hobgoblins
  28 jackals
  2 quokkas
  A ball python (D:1)
  8 bats
  8 frilled lizards
  A jackal skeleton (D:6)
  21 kobolds
  A quokka zombie (D:5)
  4 rats
  A river rat simulacrum (Lair:6)
  2 blocks of ice
  35 fungi
  31 plants
  2 withered plants (D:15)
2364 creatures vanquished.

Vanquished Creatures (collateral kills)
  Jorgrun (D:12)
  Gastronok (Orc:1)
  A hydra (Lair:1)
  An oklob plant (Lair:2)
  A hippogriff (Lair:1)
  A fire dragon skeleton (D:15)
  A basilisk (Lair:1)
  A scorpion (D:11)
  5 wights
13 creatures vanquished.

Vanquished Creatures (others)
  A deep elf mage (Elf:1)
  An ogre (Depths:2)
  An orc (Orc:2)
  324 blocks of ice
  32 fungi
  15 plants
374 creatures vanquished.

Grand Total: 2751 creatures vanquished

Notes
Turn   | Place    | Note
-------+----------+-------------------------------------------
     0 | D:1      | growler the Merfolk Ice Elementalist began the quest for
                  | the Orb.
     0 | D:1      | Reached XP level 1. HP: 13/13 MP: 3/3
   189 | D:1      | Reached XP level 2. HP: 19/19 MP: 5/5
   195 | D:1      | Reached skill level 5 in Ice Magic
   918 | D:1      | Reached XP level 3. HP: 22/24 MP: 6/6
  1112 | D:1      | Learned a level 3 spell: Frozen Ramparts
  1947 | D:2      | Reached skill level 6 in Ice Magic
  1953 | D:2      | Reached XP level 4. HP: 12/30 MP: 0/7
  1963 | D:2      | Learned a level 3 spell: Ozocubu's Armour
  2896 | D:3      | Reached XP level 5. HP: 32/35 MP: 8/8
  3412 | D:4      | Noticed an ogre
  3421 | D:4      | Killed an ogre
  3421 | D:4      | Reached skill level 7 in Ice Magic
  3502 | D:4      | Found a glowing drain.
  3514 | Sewer    | Entered a sewer
  3614 | Sewer    | Noticed Purgy
  3621 | Sewer    | Killed Purgy
  3621 | Sewer    | Reached XP level 6. HP: 41/41 MP: 3/10
  4461 | D:4      | Reached skill level 8 in Ice Magic
  4461 | D:4      | Reached XP level 7. HP: 35/46 MP: 5/12
  4549 | D:4      | Found an iron altar of Okawaru.
  4645 | D:5      | Entered Level 5 of the Dungeon
  5842 | D:5      | Learned a level 4 spell: Summon Ice Beast
  5843 | D:6      | Found Picim's Book Shoppe.
  5954 | D:6      | Reached skill level 5 in Spellcasting
  5954 | D:6      | Reached skill level 9 in Ice Magic
  5954 | D:6      | Reached XP level 8. HP: 42/52 MP: 15/15
  6088 | D:6      | Noticed Edmund
  6103 | D:6      | Killed Edmund
  6180 | D:6      | Found Yjiv's Jewellery Boutique.
  6286 | D:6      | Noticed Menkaure
  6287 | D:6      | Reached skill level 10 in Ice Magic
  6677 | D:6      | Killed Menkaure
  6731 | D:6      | Found Wuygo's Book Shoppe.
  6902 | D:6      | Found Setus's Weapon Shop.
  6907 | D:6      | Found Capuf's Weapon Shoppe.
  6999 | D:6      | Noticed Sigmund
  7010 | D:6      | Killed Sigmund
  7010 | D:6      | Reached skill level 11 in Ice Magic
  7090 | D:6      | Reached XP level 9. HP: 57/57 MP: 12/16
  7186 | D:6      | Found a blossoming altar of Fedhas.
  7487 | D:6      | Found a staircase to the Ecumenical Temple.
  7586 | Temple   | Entered the Ecumenical Temple
  7820 | Temple   | Became a worshipper of Vehumet
  7895 | D:7      | Reached skill level 12 in Ice Magic
  8526 | D:7      | Reached skill level 5 in Dodging
  9205 | D:8      | Reached * piety under Vehumet
  9205 | D:8      | Offered knowledge of Foxfire by Vehumet.
  9273 | D:8      | Found a hide-covered altar of Uskayaw.
  9706 | D:8      | Reached skill level 13 in Ice Magic
  9750 | D:8      | Reached XP level 10. HP: 63/63 MP: 13/17
 10273 | D:9      | Found Gawkurgh's Weapon Shop.
 10439 | D:9      | Offered knowledge of Foxfire by Vehumet.
 10888 | D:9      | Found a staircase to the Lair.
 10941 | D:10     | Entered Level 10 of the Dungeon
 10956 | D:10     | Reached skill level 1 in Shields
 11037 | D:10     | Identified the +0 ring mail of Insatiable Hunger {rCorr}
 11050 | D:10     | Reached ** piety under Vehumet
 11176 | D:10     | Noticed a queen ant
 11187 | D:10     | Killed a queen ant
 11187 | D:10     | Reached skill level 14 in Ice Magic
 11217 | D:10     | Reached skill level 1 in Fighting
 11453 | D:10     | Noticed a two-headed ogre
 11463 | D:10     | Killed a two-headed ogre
 11463 | D:10     | Reached XP level 11. HP: 70/75 MP: 8/18
 11742 | D:10     | Noticed Psyche
 11748 | D:10     | Killed Psyche
 11916 | D:10     | Offered knowledge of Conjure Flame by Vehumet.
 12006 | D:10     | Found a staircase to the Orcish Mines.
 12144 | D:10     | Reached skill level 5 in Fighting
 12144 | D:10     | Reached skill level 15 in Ice Magic
 12145 | D:10     | Reached *** piety under Vehumet
 12570 | D:10     | Learned a level 4 spell: Ice Form
 12682 | D:11     | Reached skill level 1 in Unarmed Combat
 12803 | D:11     | Offered knowledge of Ignite Poison by Vehumet.
 12882 | D:11     | Noticed a cyclops
 12923 | D:11     | Killed a cyclops
 12997 | D:11     | Noticed Urug
 13014 | D:11     | Killed Urug
 13438 | D:11     | Noticed a brown ugly thing
 13445 | D:11     | Killed a brown ugly thing
 13647 | Lair:1   | Entered Level 1 of the Lair of Beasts
 13792 | Lair:1   | Reached XP level 12. HP: 74/91 MP: 12/19
 13900 | Lair:1   | Reached **** piety under Vehumet
 13926 | Lair:1   | Noticed a five-headed hydra
 13941 | Lair:1   | Killed a five-headed hydra
 13941 | Lair:1   | Reached skill level 5 in Unarmed Combat
 14120 | Lair:1   | Offered knowledge of Inner Flame by Vehumet.
 14315 | Lair:1   | Noticed a five-headed hydra
 14329 | Lair:1   | Killed a five-headed hydra
 14617 | Lair:1   | Reached skill level 16 in Ice Magic
 14753 | Lair:2   | Noticed a six-headed hydra
 14767 | Lair:2   | Killed a six-headed hydra
 14770 | Lair:2   | Noticed an eight-headed hydra
 14786 | Lair:2   | Killed an eight-headed hydra
 15483 | Lair:2   | Noticed a seven-headed hydra
 15499 | Lair:2   | Killed a seven-headed hydra
 15725 | Lair:3   | Reached XP level 13. HP: 101/101 MP: 17/20
 15896 | Lair:3   | Reached ***** piety under Vehumet
 15896 | Lair:3   | Offered knowledge of Ozocubu's Refrigeration by Vehumet.
 15903 | Lair:3   | Reached skill level 17 in Ice Magic
 15986 | Lair:3   | Learned a level 6 spell: Ozocubu's Refrigeration
 16961 | Lair:4   | Reached skill level 10 in Unarmed Combat
 17341 | Lair:4   | Found a staircase to the Snake Pit.
 17513 | Lair:4   | Found a staircase to the Swamp.
 18104 | Lair:5   | Reached skill level 18 in Ice Magic
 18122 | Lair:5   | Reached XP level 14. HP: 59/108 MP: 12/24
 18145 | Lair:5   | Offered knowledge of Olgreb's Toxic Radiance by Vehumet.
 18498 | Lair:5   | Found a viscous altar of Jiyva.
 18499 | Lair:5   | Found a staircase to the Slime Pits.
 19663 | Lair:6   | Entered Level 6 of the Lair of Beasts
 19756 | Lair:6   | Reached skill level 19 in Ice Magic
 19765 | Lair:6   | Offered knowledge of Freezing Cloud by Vehumet.
 21955 | Orc:1    | Entered Level 1 of the Orcish Mines
 21955 | Orc:1    | Noticed Maurice
 21958 | Orc:1    | Killed Maurice
 21961 | Orc:1    | Noticed Gastronok
 22071 | Orc:1    | Killed Gastronok
 22335 | Orc:1    | Noticed Erica
 22339 | Orc:1    | Killed Erica
 22936 | Orc:1    | Reached skill level 20 in Ice Magic
 23107 | Orc:2    | Entered Level 2 of the Orcish Mines
 23137 | Orc:2    | Reached XP level 15. HP: 113/113 MP: 8/28
 23364 | Orc:2    | Found a staircase to the Elven Halls.
 23435 | Orc:2    | Offered knowledge of Fireball by Vehumet.
 23703 | Orc:2    | Noticed Sonja
 23706 | Orc:2    | Killed Sonja
 24558 | Orc:2    | Found Luwawet's Armour Emporium.
 24558 | Orc:2    | Found Qixkeunu's General Store.
 24586 | Orc:2    | Found Wounen's Book Shoppe.
 24588 | Orc:2    | Found Ziji's Distillery.
 24947 | D:12     | Noticed Jorgrun
 25086 | D:12     | Killed Jorgrun
 25397 | D:12     | Offered knowledge of Starburst by Vehumet.
 25420 | D:12     | Reached skill level 21 in Ice Magic
 25998 | D:12     | Found Ychu's Gadget Emporium.
 26294 | D:13     | Noticed Erolcha
 26297 | D:13     | Killed Erolcha
 27143 | D:13     | Found a gate to the Vaults.
 27813 | D:13     | You fall into a shaft and drop 2 floors!
 27813 | D:15     | Entered Level 15 of the Dungeon
 27816 | D:15     | Noticed Kirke
 27818 | D:15     | Reached skill level 22 in Ice Magic
 27820 | D:15     | Killed Kirke
 27827 | D:15     | Reached XP level 16. HP: 120/120 MP: 12/29
 28443 | D:15     | Reached ****** piety under Vehumet
 29219 | D:14     | Offered knowledge of Irradiate by Vehumet.
 29998 | D:14     | Reached skill level 10 in Dodging
 30654 | D:13     | Found the +7 pair of quick blades "Gyre" and "Gimble"
                  | {protect}
 31070 | D:15     | Found a staircase to the Depths.
 31461 | D:15     | Reached skill level 10 in Fighting
 32045 | D:15     | Found a runed translucent door.
 32236 | D:15     | Noticed MadAsgardian's ghost (journeyman TrMo)
 32440 | Swamp:1  | Entered Level 1 of the Swamp
 35078 | Swamp:3  | Noticed Louise
 35083 | Swamp:3  | Reached skill level 23 in Ice Magic
 35084 | Swamp:3  | Killed Louise
 35085 | Swamp:3  | Offered knowledge of Spellforged Servitor by Vehumet.
 35103 | Swamp:3  | Reached XP level 17. HP: 112/131 MP: 8/30
 35578 | Swamp:3  | Identified Roxanne's Guide on Earth
 35578 | Swamp:3  | Noticed Roxanne
 35799 | Swamp:3  | Found a runed translucent door.
 37326 | Swamp:4  | Entered Level 4 of the Swamp
 37765 | Swamp:4  | Noticed the 27-headed Lernaean hydra
 37784 | Swamp:4  | Killed the 27-headed Lernaean hydra
 38784 | Swamp:4  | Got a decaying rune of Zot
 39365 | Swamp:4  | Got a glittering lapis lazuli ring
 39457 | Swamp:4  | Offered knowledge of Fire Storm by Vehumet.
 39457 | Swamp:4  | Offered knowledge of Chain Lightning by Vehumet.
 39457 | Swamp:4  | Offered knowledge of Tornado by Vehumet.
 39659 | Swamp:4  | Identified a scroll of acquirement
 39661 | Swamp:4  | Identified the ring of Xom's Sleight of Hands {MP+9 Str+2
                  | Slay+2} (You found it on level 4 of the Swamp)
 39672 | Swamp:4  | Acquired 1960 gold pieces
 41159 | D:6      | Bought a book of Annihilations for 1656 gold pieces
 41169 | D:6      | Learned a level 9 spell: Absolute Zero
 41379 | Swamp:3  | Killed Roxanne
 41550 | Snake:1  | Entered Level 1 of the Snake Pit
 41552 | Snake:1  | Reached XP level 18. HP: 143/143 MP: 28/31
 42370 | Snake:1  | Reached skill level 15 in Dodging
 43281 | Snake:2  | Reached skill level 5 in Shields
 43289 | Snake:2  | Reached skill level 10 in Spellcasting
 44104 | Snake:2  | Found a sacrificial altar of Ru.
 44439 | Snake:2  | Found Joud's Gadget Boutique.
 45401 | Snake:3  | Noticed Vashnia
 45431 | Snake:3  | Noticed Aizul
 45829 | Snake:2  | Killed Aizul
 46239 | Snake:3  | Killed Vashnia
 46458 | Snake:3  | Noticed Azrael
 46460 | Snake:3  | Killed Azrael
 46739 | Snake:4  | Entered Level 4 of the Snake Pit
 46748 | Snake:4  | Acquired 380 gold pieces
 46928 | Snake:4  | Reached XP level 19. HP: 149/149 MP: 23/33
 47523 | Snake:4  | Reached skill level 24 in Ice Magic
 48448 | Snake:4  | Reached skill level 10 in Shields
 49111 | Snake:4  | Got a serpentine rune of Zot
 49498 | D:6      | Bought an uncursed ring of resist corrosion for 280 gold
                  | pieces
 49660 | Slime:1  | Entered Level 1 of the Pits of Slime
 49975 | Slime:3  | Reached XP level 20. HP: 151/156 MP: 15/34
 50245 | Slime:3  | Reached skill level 25 in Ice Magic
 50271 | Slime:3  | Paralysed by a great orb of eyes for 5 turns
 51202 | Slime:5  | Entered Level 5 of the Pits of Slime
 51404 | Slime:4  | Gained mutation: You do not regenerate when monsters are
                  | visible. [a shining eye]
 52090 | Slime:5  | Noticed the Royal Jelly
 52094 | Slime:5  | Killed the Royal Jelly
 52292 | Slime:5  | HP: 3/156 [azure jelly (32)]
 52954 | Slime:5  | Got an ancient leather armour
 53010 | Slime:5  | Got a slimy rune of Zot
 53055 | Slime:5  | Identified the +1 robe "Riec Tao" {Dex+2} (You found it on
                  | level 5 of the Pits of Slime)
 53056 | Slime:5  | Identified the +3 leather armour of the Tanner {rC+} (You
                  | found it on level 5 of the Pits of Slime)
 53117 | Slime:5  | Learned a level 5 spell: Blade Hands
 53399 | Vaults:1 | Entered Level 1 of the Vaults
 54826 | Vaults:1 | Reached XP level 21. HP: 126/162 MP: 4/35
 55231 | Vaults:2 | Reached skill level 26 in Ice Magic
 55258 | Vaults:2 | Found Bebowo's General Store.
 55992 | Vaults:2 | Reached skill level 15 in Shields
 56192 | Vaults:2 | Reached skill level 1 in Transmutations
 57577 | Vaults:2 | Found a staircase to the Crypt.
 57664 | Vaults:2 | Reached skill level 5 in Transmutations
 58117 | Orc:2    | Bought a book of Transfigurations for 715 gold pieces
 58119 | Orc:2    | Bought a scroll of blinking for 90 gold pieces
 58121 | Orc:2    | Bought a potion of heal wounds for 80 gold pieces
 58121 | Orc:2    | Bought 2 potions of heal wounds for 160 gold pieces
 58121 | Orc:2    | Bought a potion of haste for 160 gold pieces
 58123 | Orc:2    | Bought the +7 kite shield of the Enchanted Forest {rElec
                  | Slay+2} for 680 gold pieces
 58123 | Orc:2    | Bought a +2 pair of boots of stealth for 236 gold pieces
 58744 | Vaults:3 | Found Puiwn's Food Emporium.
 59867 | Vaults:3 | Found a blossoming altar of Fedhas.
 60667 | Vaults:4 | Reached XP level 22. HP: 169/169 MP: 25/36
 60965 | Vaults:4 | Found the +6 Majin-Bo {vamp, Archmagi MP+6 Int+6}
 61421 | Vaults:4 | Reached skill level 27 in Ice Magic
 61421 | Vaults:4 | Reached skill level 1 in Armour
 61600 | Vaults:4 | Reached skill level 10 in Transmutations
 62637 | Elf:1    | Entered Level 1 of the Elven Halls
 63710 | Elf:1    | Found Gusimn's Gadget Boutique.
 63710 | Elf:1    | Found Jaur's Jewellery Shoppe.
 63715 | Elf:1    | Found Gitei's Gadget Boutique.
 64898 | Elf:2    | Found a runed translucent gate.
 64901 | Elf:2    | Reached skill level 5 in Armour
 64902 | Elf:2    | Found a runed translucent gate.
 64904 | Elf:2    | Found a runed translucent gate.
 65798 | Elf:2    | Found Zeeluegu's Antique Armour Boutique.
 65896 | Elf:3    | Entered Level 3 of the Elven Halls
 66504 | Elf:3    | Identified the +3 broad axe of the Aged Knives {holy, rN+
                  | Dex+3}
 66637 | Elf:3    | Reached XP level 23. HP: 165/175 MP: 39/39
 66640 | Elf:3    | Identified the +1 robe "Yreyto" {Stlth+}
 66640 | Elf:3    | Identified the cursed +2 long sword of Mayhem {venom, rElec
                  | rC+ Str-4}
 66643 | Elf:3    | Identified the +5 rapier of Alamipp {drain, +Fly}
 66651 | Elf:3    | Identified the +1 robe of Xemeik {Harm}
 67051 | Elf:3    | Identified Eheef's Grimoire of Changing
 67054 | Elf:3    | Identified the Grimoire of Excruciating Beguiling
 67107 | Elf:3    | Got a pair of transparent boots
 67108 | Elf:3    | Identified the +2 pair of boots "Eliromn" {rN+ Str+4 Int-3}
                  | (You found it on level 3 of the Elven Halls)
 67336 | Depths:1 | Entered Level 1 of the Depths
 67394 | Depths:1 | Found a gateway to Hell.
 67394 | Depths:1 | Noticed Margery
 67398 | Depths:1 | Killed Margery
 67599 | Depths:1 | Noticed Asterion
 67676 | Depths:1 | Killed Asterion
 69207 | Depths:1 | Found a one-way gate to the infinite horrors of the Abyss.
 69543 | Depths:2 | Reached XP level 24. HP: 162/186 MP: 31/39
 70421 | Depths:3 | Identified the Volume of Fire and the Mountains
 70599 | Depths:3 | Reached skill level 15 in Fighting
 71031 | Depths:3 | Noticed Mennas
 71033 | Depths:3 | Killed Mennas
 71963 | Depths:3 | Found a one-way gate leading to the halls of Pandemonium.
 71965 | Depths:3 | Reached skill level 15 in Unarmed Combat
 72771 | Depths:4 | Reached XP level 25. HP: 197/197 MP: 39/39
 72810 | Depths:4 | Found a shattered altar of Ashenzari.
 72810 | Depths:4 | Found a sacrificial altar of Ru.
 72811 | Depths:4 | Found an ancient bone altar of Kikubaaqudgha.
 74276 | Depths:4 | Noticed a juggernaut
 74278 | Depths:4 | Killed a juggernaut
 74279 | Depths:4 | Identified the cursed +0 leather armour of the Big Bang
                  | {Slay+2}
 75041 | Depths:4 | Learned a level 7 spell: Dragon Form
 75042 | Depths:5 | Entered Level 5 of the Depths
 75129 | Depths:5 | Found a gateway to a ziggurat.
 75224 | Depths:5 | Noticed the Enchantress
 75229 | Depths:5 | Killed the Enchantress
 75240 | Depths:5 | Reached XP level 26. HP: 181/210 MP: 11/41
 76808 | Depths:5 | Found a runed translucent door.
 76808 | Depths:5 | Found a runed translucent door.
 76819 | Depths:5 | Found a gate to the Realm of Zot.
 76820 | Depths:5 | Found a runed translucent door.
 76831 | Depths:5 | Found a runed translucent door.
 76882 | Depths:5 | Found a runed translucent door.
 76882 | Depths:5 | Found a runed translucent door.
 77098 | Zot:1    | Entered Level 1 of the Realm of Zot
 77102 | Zot:1    | Got a bone arbalest
 77828 | Zot:1    | Killed from afar by a yellow draconian annihilator

Illustrated notes

Levels and vault maps discovered:
D:1:      wheals_arrival_linesprint, layout_loops_corners
D:2:      layout_rooms
D:3:      layout_rooms, nrook_mini_backslash
D:4:      layout_basic, cheibrodos_sewer_entry_bend, first_ration,
          kennysheep_okawaru_gauntlet
D:5:      layout_basic, corexii_checkpoint_a, st_stairs_5
D:6:      layout_loops_ring, minmay_temple_entry_poolview, serial_shops, shop,
          nicolae_shop_trees, nicolae_shop_stone, shop_statue, shop_statue,
          fedhas_altar_fruit_tree, uniq_edmund, uniq_sigmund, uniq_menkaure
D:7:      layout_loops_ring, chequers_arboretum
D:8:      layout_loops_ring, lemuel_coloured_pillars_altar
D:9:      layout_rooms, david_lair_shrubbed, serial_shops,
          nicolae_shop_competitors_out_of_business, nicolae_two_hexagons
D:10:     layout_gridville, erik_orc_4, grunt_pizzeria,
          small_chamber_with_monster, minmay_another_anthill, uniq_psyche
D:11:     layout_loops_ring, uniq_urug
D:12:     layout_loops_ring, serial_shops, nicolae_shop_stone, uniq_jorgrun
D:13:     layout_long_grid, david_vaults_5, minivault_16, uniq_erolcha
D:14:     layout_loops_corners
D:15:     gammafunk_depths_entry_grave, layout_cross,
          ebering_ghost_reflecting_pool, grunt_decor_cap, uniq_kirke
Temple:   roderic_octagonal_lattice_temple
Lair:1:   layout_big_grid
Lair:2:   cheibrodos_lair_river_kwai, layout_misc_corridors, beast_lair_carwin_9
Lair:3:   layout_regular_city, grunt_megastairs_3
Lair:4:   layout_loops_ring, swamp_mist_pool, guppyfry_snake_entry_island,
          st_stairs_11
Lair:5:   layout_loops_ring, slime_altar_1, enter_volcano_1, forest_entry_grove,
          serial_bayou_shore_b, serial_bayou_shore_a
Lair:6:   minmay_lair_end_enchanted_forest, layout_regular_city,
          eino_house_with_fridge
Swamp:1:  layout_basic_swamp, evilmike_swamp_ruin_wall, swamp_pool4
Swamp:2:  layout_basic_swamp, nicolae_swamp_little_tower
Swamp:3:  gammafunk_mikee_crab_dinner, layout_basic_swamp,
          nicolae_swamp_round_clearing, uniq_roxanne, uniq_louise
Swamp:4:  grunt_swamp_rune_castle, layout_basic_swamp
Snake:1:  layout_misc_corridors
Snake:2:  layout_layer_cave, serial_shops,
          nicolae_shop_temple_entry_statues_fountains, basic_altar,
          serial_bayou_pond_d
Snake:3:  layout_rooms, drop_trap, nicolae_snake_single_loop,
          hangedman_snake_corridor_split, uniq_vashnia, uniq_azrael, uniq_aizul
Snake:4:  snake_pit_salamanders_mu, layout_gridlike
Slime:1:  layout_caves
Slime:2:  layout_caves
Slime:3:  layout_caves, uniq_dissolution
Slime:4:  layout_caves
Slime:5
Orc:1:    layout_caves, nicolae_orc_lava_room, uniq_erica, uniq_gastronok,
          uniq_maurice
Orc:2:    st_orc_mages, layout_diamond_mine, uniq_sonja
Elf:1:    eino_elf_arrival_sip, layout_geoelf_diagonals, minivault_28,
          grunt_megastairs_2, minmay_shop_grove
Elf:2:    layout_loops_cross, serial_shops, nicolae_shop_crystal,
          grunt_ministairs_15, minmay_checkered_concentric_circles, uniq_donald
Elf:3:    grunt_elf_hall_branching, layout_geoelf_grid, columned_hall_lemuel
Vaults:1: hangedman_vaults_variations, nicolae_vaults_windows_and_doors_thing,
          vaults_dpeg_hooks, hangedman_vaults_locks, v_misc_1, v_misc_1,
          vaults_dpeg_encased_lava, v_misc_18, layout_vaults_big_room
Vaults:2: vaults_mumra_hexcomb, vaults_room_fancy_cross,
          minmay_crypt_entry_skeletal_spiral, ontoclasm_vaults_bender,
          vaults_standard_mumra_x, vaults_room_door_hall, v_misc_25,
          vaults_room_door_ring, v_misc_19, vaults_room_grid, v_misc_12,
          dpeg_vaults_monster_box, nicolae_vaults_mini_display_case,
          grunt_vaults_hallway_short, layout_vaults_big_cross, serial_shops,
          nicolae_shop_behind_doors
Vaults:3: ontoclasm_vaults_shuriken, grunt_vaults_focal, v_misc_15,
          vaults_mumra_lcd, v_alt_pattern_1, vaults_mumra_hex, v_misc_27,
          vaults_room_door_ring, nicolae_vaults_gold_heap,
          ontoclasm_vaults_twist, layout_vaults_omnigrid, serial_shops, shop,
          basic_altar
Vaults:4: nicolae_vaults_little_ls, nicolae_vaults_network_barrier,
          nicolae_vaults_network_periphery, nicolae_vaults_what_the_h, v_misc_2,
          v_rooms_1, v_misc_17, ontoclasm_vaults_loading_screen,
          nicolae_vaults_yaktaur_gun_rack, nicolae_vaults_asterisk,
          layout_vaults_ring
Depths:1: layout_basic, abyss_entry, grunt_metal_band, eino_curves_01,
          minmay_the_grid_2x2 [minmay_the_grid_zigzag_pyramid,
          minmay_the_grid_tiny_cups, minmay_the_grid_large_cup,
          minmay_the_grid_prize_trominoes], serial_bayou_shore_b, uniq_asterion
Depths:2: minmay_skeletal_surprise, layout_cave_pools,
          minmay_stone_trees_medium, abyss_entry_crystal, hell_entry,
          feat_on_display, serial_bayou_shore_b
Depths:3: minmay_dotted_concentric_squares, layout_basic,
          pf_dread_powers_of_hell, serial_sigils,
          serial_sigils_hangedman_quiver, serial_sigils_hangedman_writhe,
          serial_sigils_hangedman_gut, grunt_pan_entry_zigzag,
          minmay_crystal_room, hangedman_devilish_allure,
          minmay_staircase_windowed_small, uniq_mennas
Depths:4: hangedman_slaughterboxes, abyss_entry, hell_entry
Depths:5: evilmike_zot_entry_castle, layout_basic, enter_ziggurat_a, hell_entry,
          grunt_decor_one_mirror, uniq_enchantress
Zot:1:    lemuel_acid_trip, layout_onion

Skill      XL: |  1  2  3  4  5  6  7  8  9 10 11 12 13 14 15 16 17 18 19 20 21 22 23 24 25 26 |
---------------+-------------------------------------------------------------------------------+-----
Ice Magic      | 5 6 7 8 9 11 13 14 15 16 18 20 22 23 24 25 26 27 | 27.0
Spellcasting   | 3 5 7 9 10 12 14 | 14.0
Dodging        | 7 9 12 14 15 16 18 | 18.0
Shields        | 4 8 11 14 15 | 15.0
Fighting       | 3 7 9 11 13 14 16 17 18 | 18.8
Unarmed Combat | 4 8 10 11 12 13 15 17 18 | 18.2
Transmutations | 8 10 13 | 13.7
Armour         | 6 9 |  9.0
Stealth        | |  2.1

Action                   |  1- 3 |  4- 6 |  7- 9 | 10-12 | 13-15 | 16-18 | 19-21 | 22-24 | 25-27 || total
-------------------------+-------+-------+-------+-------+-------+-------+-------+-------+-------++-------
Melee: Dagger            |   107 |   101 |   207 |   106 |     2 |    11 |    10 |       |       ||   544
       Halberd           |       |       |     9 |    39 |       |       |       |       |       ||    48
       Staff             |       |       |     8 |     6 |    13 |    10 |     4 |    10 |       ||    51
       Unarmed           |       |       |       |    49 |   111 |   151 |    55 |    39 |    24 ||   429
       Punch             |       |       |       |       |       |       |       |     1 |     4 ||     5
 Cast: Freeze            |    18 |    10 |    29 |    83 |   111 |    17 |     6 |    10 |       ||   284
       Frozen Ramparts   |       |    11 |    35 |    81 |    68 |    33 |    14 |    10 |     2 ||   254
       Ozocubu's Armour  |       |     1 |     5 |    12 |     1 |       |       |       |       ||    19
       Summon Ice Beast  |       |       |     4 |    10 |     6 |    12 |       |       |       ||    32
       Ice Form          |       |       |       |     4 |    13 |    17 |     8 |     1 |       ||    43
       Ozocubu's Refrige |       |       |       |       |   221 |   442 |   280 |   262 |   104 ||  1309
       Absolute Zero     |       |       |       |       |       |     4 |    88 |   141 |    95 ||   328
       Blade Hands       |       |       |       |       |       |       |       |     5 |     2 ||     7
 Abil: End Transformatio |       |       |       |       |       |       |     2 |       |       ||     2
Evoke: Wand              |       |       |       |       |     2 |     2 |     1 |       |     4 ||     9
       Staff of energy   |       |       |       |       |       |     1 |       |       |       ||     1
  Use: Scroll            |       |     4 |     5 |     5 |    10 |    23 |     7 |     4 |     2 ||    60
       Potion            |       |       |       |       |     1 |     2 |     7 |       |     2 ||    12
 Stab: Sleeping          |     3 |     6 |     2 |     1 |       |       |       |       |       ||    12
       Distracted        |       |     1 |       |       |       |     2 |       |       |       ||     3
  Eat: Chunk             |     3 |    10 |    19 |    16 |    42 |    29 |    12 |    28 |    13 ||   172
       Ration            |       |       |       |     1 |       |    10 |    10 |     3 |     1 ||    25
Armor: Robe              |    31 |    39 |    75 |    20 |     1 |    30 |    32 |       |       ||   228
       Troll leather arm |       |       |       |    34 |    35 |       |       |       |       ||    69
       Skin              |       |       |       |     7 |    32 |    44 |    10 |     1 |       ||    94
       Pearl dragon scal |       |       |       |       |       |       |    29 |    59 |    25 ||   113
Dodge: Dodged            |   122 |    95 |   211 |   295 |   221 |   263 |   154 |    92 |    38 ||  1491
Block: Buckler           |       |       |       |    56 |    68 |    74 |       |       |       ||   198
       Other             |       |       |       |       |    12 |    21 |     7 |     3 |     3 ||    46
       Reflection        |       |       |       |       |     8 |    23 |    53 |    60 |    13 ||   157
       Kite shield       |       |       |       |       |       |    46 |   205 |   238 |    36 ||   525
